 Dungeon Crawl Stone Soup version 0.20.1-1-g8b1a95d (webtiles) character file.

78 sheltatha the Sneak (level 4, -2/23 HPs)
             Began as a Spriggan Assassin on Aug 19, 2017.
             Slain by an orc
             ... wielding a cursed -2 club
              (3 damage)
             ... on level 3 of the Dungeon.
             The game lasted 00:11:51 (2495 turns).

sheltatha the Sneak (Spriggan Assassin)             Turns: 2495, Time: 00:11:52

Health: -2/23      AC:  3    Str:  7    XL:     4   Next: 15%
Magic:  5/5        EV: 18    Int: 12    God:
Gold:   80         SH:  0    Dex: 18    Spells: 3/3 levels left

rFire    . . .     SeeInvis +   a - +2 dagger
rCold    . . .     Gourm    .   (shield restricted)
rNeg     . . .     Faith    .   c - +0 robe
rPois    .         Spirit   .   (helmet restricted)
rElec    .         Reflect  .   d - +0 cloak
rCorr    .         Harm     .   (gloves unavailable)
MR       .....                  (boots unavailable)
Stlth    ++++......             (no amulet)
Regen    0.1/turn               (no ring)
MPRegen  0.1/turn               (no ring)

@: lethally poisoned (-2 -> -5), very quick
A: unfitting armour, see invisible, herbivore 3, speed 3, slow metabolism 2
a: no special abilities


You were on level 3 of the Dungeon.
You were not hungry.

You visited 1 branch of the dungeon, and saw 3 of its levels.

You collected 80 gold pieces.

Inventory:

Hand Weapons
 a - a +2 dagger (weapon)
 b - a +0 blowgun
Missiles
 e - 25 poisoned needles
 f - 2 curare-tipped needles
 m - 8 needles of frenzy
Armour
 c - a +0 robe (worn)
 d - a +0 cloak (worn)
Scrolls
 h - 2 scrolls of identify {unknown}
 j - a scroll of teleportation
Potions
 i - a potion of cancellation {unknown}
Comestibles
 g - a bread ration
 k - a meat ration
 l - a royal jelly


   Skills:
 - Level 1.7 Fighting
 * Level 3.0 Short Blades
 - Level 2.3 Throwing
 * Level 2.7 Dodging
 * Level 7.1 Stealth


You had 3 spell levels left.
You didn't know any spells.

Dungeon Overview and Level Annotations

Branches:
Dungeon (3/15)

Altars:
Ashenzari
Nemelex Xobeh

Annotations:
D:2 2 transporters


Innate Abilities, Weirdness & Mutations

You are very small and have problems with some larger weapons.
You are too small for most types of armour.
You have supernaturally acute eyesight. (SInv)
You are a herbivore.
You cover ground extremely quickly.
You need consume almost no food.


Message History

You closely miss the adder.
The adder is severely wounded.
The adder barely misses you.
You miss the adder.
The adder is severely wounded.
The adder barely misses you.
You completely miss the adder.
The adder is severely wounded.
The adder closely misses you. The adder bites you but does no damage.
You hit the adder.
You kill the adder!
Your Short Blades skill increases to level 3!
You feel sick.
You hit the goblin.
You kill the goblin!
The orc misses you.
You hit the orc but do no damage. The orc hits you with a flail!
* * * LOW HITPOINT WARNING * * *
The orc hits you with a club.
You die...

#......)........... .
###.....##.......#.
..##
#.....##.........
....
#..............#.
#..##................
#........##.......##
###o.....##........
#oo....#.###.##...
#@###......#.. .#.
#.# ##.... #.# ####
#...# ###.>.# ##.# r.
.# .


You could see 3 orcs.

Vanquished Creatures
  3 adders
  A worm (D:2)
  A dart slug (D:1)
  A leopard gecko (D:2)
  7 goblins
  5 hobgoblins
  7 jackals
  6 kobolds
  A quokka (D:2)
  6 bats
  3 frilled lizards
  2 rats
43 creatures vanquished.

Notes
Turn   | Place    | Note
-------+----------+-------------------------------------------
     0 | D:1      | sheltatha the Spriggan Assassin began the quest for the Orb.
     0 | D:1      | Reached XP level 1. HP: 10/10 MP: 2/2
    35 | D:1      | Reached skill level 6 in Stealth
   454 | D:1      | Reached XP level 2. HP: 14/14 MP: 3/3
   849 | D:2      | Reached XP level 3. HP: 9/18 MP: 4/4
  1394 | D:2      | Reached skill level 7 in Stealth
  1703 | D:2      | Found a transporter.
  1705 | D:2      | Noticed a scorpion
  1708 | D:2      | Found a transporter.
  1720 | D:2      | Found a shattered altar of Ashenzari.
  2366 | D:2      | Found a sparkling altar of Nemelex Xobeh.
  2448 | D:3      | Reached XP level 4. HP: 23/23 MP: 5/5
  2495 | D:3      | HP: 1/23 [orc/flail (11)]
  2495 | D:3      | Slain by an orc

Skill      XL: |  1  2  3  4 |
---------------+-------------+-----
Stealth        | 6 7 |  7.1
Dodging        | 2 |  2.7
Short Blades   | 3 |  3.0
Fighting       | |  1.7
Throwing       | |  2.3

Action                   |  1- 3 |  4- 6 || total
-------------------------+-------+-------++-------
Melee: Dagger            |   163 |    14 ||   177
 Fire: Blowgun           |     4 |       ||     4
  Use: Scroll            |     2 |       ||     2
       Potion            |     2 |       ||     2
 Stab: Sleeping          |     8 |       ||     8
Armor: Robe              |    28 |     3 ||    31
Dodge: Dodged            |   128 |    11 ||   139
